 Dungeon Crawl Stone Soup version 0.31-a0-819-gf6de2f5ab6 (webtiles) character file.

Game seed: 5456634209797176810

316 Kurtz the Chopper (level 6, -4/63 HPs)
             Began as an Octopode Fighter on Sept 23, 2023.
             Slain by Grinder (9 damage)
             ... on level 4 of the Dungeon.
             The game lasted 00:01:36 (3160 turns).

Kurtz the Chopper (Octopode Fighter)                Turns: 3160, Time: 00:01:36

Health: -4/63      AC:  2    Str: 16    XL:     6   Next: 44%
Magic:  6/6        EV: 13    Int: 10    God:
Gold:   207        SH:  4    Dex: 13    Spells: 5/5 levels left

rFire   . . .        a - +0 war axe
rCold   . . .        b - +0 buckler
rNeg    . . .        (helmet restricted)
rPois   .            c - amulet of the acrobat
rElec   .            (no ring)
rCorr   .            (no ring)
SInv    .            (no ring)
Will    +....        (no ring) Stlth
                     (no ring)
HPRegen 0.30/turn    (no ring)
MPRegen 0.10/turn    (no ring)
                     (no ring)

%: acrobat
@: berserking, enlightened, flying, very quick
A: almost no armour, amphibious, 8 rings, camouflage 1, gelatinous body 1,
(nimble swimmer 1), tentacles, shaggy fur 1, evolution 1, MP-powered wands
a: no special abilities


You were on level 4 of the Dungeon.
You visited 1 branch of the dungeon, and saw 4 of its levels.

You collected 207 gold pieces.

Inventory:

Hand Weapons
 a - a +0 war axe (weapon)
Armour
 b - a +0 buckler (worn)
Jewellery
 c - an amulet of the acrobat (around mantle)
 k - a ring of resist corrosion
Wands
 i - a wand of flame (41)
Scrolls
 d - 2 scrolls of enchant weapon {unknown}
 j - a scroll of brand weapon {unknown}
 l - a scroll of identify {unknown}
 m - a scroll of noise {unknown}
Potions
 e - 2 potions of enlightenment
 g - a potion of berserk rage
 h - a potion of lignification {unknown}


   Skills:
 - Level 3.0 Fighting
 * Level 6.6 Axes
 - Level 3.0 Dodging
 - Level 3.0 Shields


You had 5 spell levels left.
You didn't know any spells.
Your spell library contained the following spells:

 Spells                   Type           Power      Damage    Failure   Level
 Sandblast                Erth           0%         2d4       43%         1
 Sting                    Tmut/Pois      0%         1d3       43%         1
 Passwall                 Tmut/Erth      0%         N/A       58%         2
 Poisonous Vapours        Pois/Air       0%         N/A       58%         2
 Stone Arrow              Conj/Erth      0%         3d7       82%         3
 Brom's Barrelling Bould  Conj/Erth      0%         2d3       99%         4
 Olgreb's Toxic Radiance  Pois           0%         N/A       99%         4


Dungeon Overview and Level Annotations

Branches:
Dungeon (4/15)
 Temple: D:4-7

Altars:

Shops:
D:2 [

Annotations:
D:1 1 runed translucent door
D:4 Grinder


Innate Abilities, Weirdness & Mutations

You cannot wear most types of armour.
You are amphibious.
You can wear up to eight rings at the same time.
Your skin changes colour to match your surroundings (Stealth+).
Your rubbery body absorbs attacks. (AC +1, EV +1)
((You are camouflaged when in or above water. (Stealth+)))
You have tentacles for arms and can constrict up to eight enemies at once.
You are covered in fur. (AC +1)
You have hidden genetic potential.
You expend magic power (3 MP) to strengthen your wands.


Message History

Grinder shouts!
Grinder is nearby!
Grinder is nearby!
Unknown command.
You hit Grinder. You grab Grinder.
Grinder is lightly wounded.
You constrict Grinder. Grinder gestures at you.
You suddenly lose the ability to move!
You lose your grip on Grinder.
Grinder gestures at you. Pain shoots through your body!
You can move again.
You barely miss Grinder. You grab Grinder.
Grinder is lightly wounded.
You constrict Grinder, but do no damage.
Grinder hits you!
Unknown command.
Unknown command.
You barely miss Grinder.
Grinder is lightly wounded.
You constrict Grinder. Grinder hits you! Grinder hits you.
You writhe in agony.
* * * LOW HITPOINT WARNING * * *
Unknown command.
It was a potion of enlightenment.
You feel very buoyant.
You fly up into the air.
You constrict Grinder. Grinder barely misses you.
It was a potion of mutation.
You feel extremely strange.
You feel your magical essence link to the dungeon's wands.
You feel a hidden potential growing inside you.
Fur sprouts all over your body.
You constrict Grinder. Grinder hits you.
* * * LOW HITPOINT WARNING * * *
You writhe in agony.
* * * LOW HITPOINT WARNING * * *
It was a potion of berserk rage.
A red film seems to cover your vision as you go berserk!
You feel yourself moving faster!
You feel mighty!
You constrict Grinder. Grinder hits you!
You die...
Grinder says, "Now the real fun starts!"

##.....##.######..
#.......#.# #.#..#..#.#
#.#....)..# #.#..#..###
######.#..#).# .
.....#.#..#..########...
.....#.....(.#..........
................@5......
.....###.#.###......!...
.....# ###.# ########?..
###### #.# . #.# #.# #.#
#..


You could see Grinder.

Vanquished Creatures
  A centaur (D:3)
  A scorpion (D:4)
  2 hounds (D:3)
  3 adders
  2 gnolls
  3 dart slugs
  4 orcs (D:4)
  2 ball pythons
  4 bats
  6 endoplasms
  4 giant cockroaches
  8 goblins
  3 hobgoblins
  4 jackals (D:2)
  A quokka (D:3)
  2 frilled lizards
  4 kobolds
  7 rats
61 creatures vanquished.

Notes
Turn   | Place    | Note
-------+----------+-------------------------------------------
     0 | D:1      | Kurtz the Octopode Fighter began the quest for the Orb.
     0 | D:1      | Reached XP level 1. HP: 16/16 MP: 1/1
     1 | D:1      | Found a runed translucent door.
   174 | D:1      | Reached XP level 2. HP: 21/21 MP: 2/2
   219 | D:1      | Reached skill level 3 in Axes
   495 | D:1      | Reached XP level 3. HP: 23/26 MP: 3/3
  1235 | D:2      | Found Vepohyim's Antique Armour Boutique.
  1240 | D:2      | Reached skill level 4 in Axes
  1344 | D:2      | Reached XP level 4. HP: 31/31 MP: 4/4
  1379 | D:2      | Found a faded altar of an unknown god.
  2453 | D:3      | Reached skill level 5 in Axes
  2453 | D:3      | Reached XP level 5. HP: 10/36 MP: 5/5
  2711 | D:3      | Noticed a centaur
  2717 | D:3      | Killed a centaur
  2718 | D:3      | Reached skill level 6 in Axes
  2718 | D:3      | Reached XP level 6. HP: 30/42 MP: 6/6
  3150 | D:4      | Noticed Grinder
  3154 | D:4      | Paralysed by Grinder for 2 turns
  3159 | D:4      | Gained mutation: You expend magic power (3 MP) to
                  | strengthen your wands. [potion of mutation]
  3159 | D:4      | Gained mutation: You have hidden genetic potential. [potion
                  | of mutation]
  3159 | D:4      | Gained mutation: You are covered in fur. (AC +1) [potion of
                  | mutation]
  3160 | D:4      | Slain by Grinder

Illustrated notes

Levels and vault maps discovered:
D:1:      dpeg_arrival_caged_fury, layout_basic
D:2:      layout_loops_ring, basic_ecumenical_altar, serial_shops,
          nicolae_shop_pleasant_corner_grove, st_stairs_9,
          grunt_decor_one_mirror, kennysheep_cross_room
D:3:      layout_loops_corners, cheibrodos_gnoll_hut
D:4:      layout_loops_cross, nicolae_shop_clearance, uniq_sigmund,
          uniq_grinder, uniq_duvessa

Skill      XL: |  1  2  3  4  5 |
---------------+----------------+-----
Axes           | 3 4 5 6 |  6.6
Fighting       | |  3.0
Dodging        | |  3.0
Shields        | |  3.0

Action                     |  1- 3 |  4- 6 || total
---------------------------+-------+-------++-------
  Melee: War axe           |    45 |    68 ||   113
         Constrict         |    12 |    17 ||    29
         Tentacles         |     7 |    10 ||    17
    Use: Potion            |       |     4 ||     4
   Stab: Sleeping          |     3 |     6 ||     9
 Armour: Skin              |    23 |    37 ||    60
  Dodge: Dodged            |    24 |    52 ||    76
  Block: Buckler           |     9 |    16 ||    25

Table legend: (Time is in decaauts)
 A = Elapsed time spent in this place.
 B = Non-inter-level travel time spent in this place.
 C = Inter-level travel time spent in this place.
 D = Time resting spent in this place.
 E = Time spent auto-exploring this place.
 F = Levels seen in this place.
 G = Mean time per level.
                   A        B        C        D        E       F      G
               +--------+--------+--------+--------+--------+-----+--------+
         Total |   3195 |   3169 |     26 |    362 |   2390 |   4 |  798.8 |
       Dungeon |   3195 |   3169 |     26 |    362 |   2390 |   4 |  798.8 |
               +--------+--------+--------+--------+--------+-----+--------+

Top non-repeatable levels by time:
     D:1: 1205 daAuts
     D:3: 1056 daAuts
     D:2: 725 daAuts
     D:4: 207 daAuts
